 Dungeon Crawl Stone Soup version 0.19.0-20-gbc5f0c6 (webtiles) character file.

214 toast the Covered (level 5, -3/47 HPs)
             Began as a Minotaur Fighter on Nov 17, 2016.
             Was an Initiate of Okawaru.
             Slain by a gnoll
             ... wielding a +0 flail
              (7 damage)
             ... on level 3 of the Dungeon.
             The game lasted 00:06:07 (1903 turns).

toast the Covered (Minotaur Fighter)                Turns: 1903, Time: 00:06:07

Health: -3/47      AC:  7    Str: 22    XL:     5   Next: 60%
Magic:  13/13      EV:  7    Int:  5    God:    Okawaru [......]
Gold:   139        SH:  9    Dex:  9    Spells: 0 memorised, 4 levels left

rFire  . . .     SeeInvis +     a - +1 war axe
rCold  . . .     Gourm    .     b - +0 scale mail
rNeg   . . .     Faith    .     c - +0 shield
rPois  .         Spirit   .     (helmet restricted)
rElec  .         Reflect  .     (no cloak)
rCorr  .         Harm     .     (no gloves)
MR     .....                    (no boots)
Stlth  ..........               (no amulet)
                                l - ring of see invisible
                                h - ring of magical power

@: no status effects
A: retaliatory headbutt, horns 2
a: Renounce Religion


You were on level 3 of the Dungeon.
You worshipped Okawaru.
Okawaru was noncommittal.
You were hungry.

You visited 1 branch of the dungeon, and saw 3 of its levels.

You collected 151 gold pieces.
You donated 12 gold pieces to Zin.

Inventory:

Hand Weapons
 a - a +1 war axe (weapon)
Armour
 b - a +0 scale mail (worn)
 c - a +0 shield (worn)
Jewellery
 h - a ring of magical power (left hand)
 l - a ring of see invisible (right hand)
Scrolls
 m - a scroll of teleportation
 r - a scroll of identify
Potions
 d - 2 potions of might
 e - a potion of lignification {unknown}
 j - 2 potions of curing
 k - a potion of magic {unknown}
 n - 2 potions of flight {unknown}
 q - 3 potions of mutation {unknown}
Comestibles
 f - 4 bread rations
 g - a meat ration
 i - 2 chunks of flesh
 p - a beef jerky


   Skills:
 + Level 4.9 Fighting
 * Level 4.8 Axes
 + Level 5.3 Armour
 - Level 3.6 Shields


You had 4 spell levels left.
You didn't know any spells.

Dungeon Overview and Level Annotations

Branches:
Dungeon (3/15)

Altars:
Kikubaaqudgha
Okawaru
Trog
Zin


Innate Abilities, Weirdness & Mutations

You reflexively headbutt those who attack you in melee.
You have a pair of horns on your head.


Message History

You are too injured to fight recklessly!
You are too injured to fight recklessly!
You are too injured to fight recklessly!
You are too injured to fight recklessly!
You are too injured to fight recklessly!
You are too injured to fight recklessly!
You are too injured to fight recklessly!
You are too injured to fight recklessly!
You are too injured to fight recklessly!
There is an open door here.
Your shield and scale mail prevent you from hitting the gnoll.
The gnoll is heavily wounded.
The gnoll barely misses you.
You hit the gnoll. You headbutt the gnoll.
The gnoll is severely wounded.
The gnoll barely misses you. x2
You hit the gnoll but do no damage.
The gnoll is severely wounded.
The gnoll hits you with a flail!
You die...

####
#############
#...
#gg@........#
#.##
#g#########.#
#.#
#####'#####
#.# #.#
#....gg$..#
#.# ###.##
#..w†.....#
#.###.....
#.........#
#.......##
...........#
#####.###.
/......#.#####
#.#...
.......#.#
#.#...


You could see 3 gnolls.

Vanquished Creatures
  A gnoll shaman (D:3)
  5 gnolls (D:3)
  4 adders (D:2)
  An ooze (D:2)
  2 worms
  4 dart slugs
  5 leopard geckos
  3 giant cockroaches
  11 goblins
  11 hobgoblins
  10 jackals
  6 kobolds
  A ball python (D:1)
  5 bats
  2 frilled lizards
  9 rats
80 creatures vanquished.

Notes
Turn   | Place    | Note
-------+----------+-------------------------------------------
     0 | D:1      | toast the Minotaur Fighter began the quest for the Orb.
     0 | D:1      | Reached XP level 1. HP: 19/19 MP: 0/0
    91 | D:1      | Reached XP level 2. HP: 27/27 MP: 1/1
   216 | D:1      | Reached skill level 4 in Armour
   405 | D:2      | Reached XP level 3. HP: 32/33 MP: 2/2
   685 | D:2      | Found an ancient bone altar of Kikubaaqudgha.
   763 | D:2      | Reached XP level 4. HP: 40/40 MP: 3/3
   904 | D:2      | Found a glowing silver altar of Zin.
   925 | D:2      | Became a worshipper of Zin the Law-Giver
   945 | D:2      | Reached * piety under Zin
  1311 | D:3      | Reached skill level 5 in Armour
  1312 | D:3      | Reached XP level 5. HP: 33/47 MP: 4/4
  1344 | D:3      | Found an iron altar of Okawaru.
  1346 | D:3      | Found a bloodstained altar of Trog.
  1355 | D:3      | Fell from the grace of Zin
  1355 | D:3      | Became a worshipper of Warmaster Okawaru
  1903 | D:3      | Slain by a gnoll

Skill      XL: |  1  2  3  4 |
---------------+-------------+-----
Axes           | 3 4 |  4.8
Armour         | 4 5 |  5.3
Fighting       | 4 |  4.9
Shields        | |  3.6

Action                   |  1- 3 |  4- 6 || total
-------------------------+-------+-------++-------
Melee: War axe           |    96 |    85 ||   181
       Headbutt          |    11 |    10 ||    21
  Use: Scroll            |     1 |     2 ||     3
  Eat: Chunk             |       |     3 ||     3
Armor: Scale mail        |    52 |    41 ||    93
Dodge: Dodged            |    24 |    41 ||    65
Block: Shield            |    37 |    56 ||    93
